 Dungeon Crawl Stone Soup version 0.19.0-11-g3fc08b3 (webtiles) character file.

192 Chiseanne the Skirmisher (level 5, 0/45 HPs)
             Began as a Centaur Venom Mage on Nov 8, 2016.
             Slain by an orc
             ... wielding a +0 flail
              (6 damage)
             ... on level 4 of the Dungeon.
             The game lasted 00:03:49 (3859 turns).

Chiseanne the Skirmisher (Centaur Venom Mage)       Turns: 3859, Time: 00:03:50

Health: 0/45       AC:  4    Str: 11    XL:     5   Next: 42%
Magic:  6/7        EV: 10    Int: 14    God:
Gold:   72         SH:  0    Dex: 10    Spells: 1 memorised, 6 levels left

rFire  . . .     SeeInvis .     i - +4 dagger (holy)
rCold  . . .     Gourm    .     p - +0 robe (curse)
rNeg   . . .     Faith    .     (no shield)
rPois  .         Spirit   .     (no helmet)
rElec  .         Reflect  .     (no cloak)
rCorr  .         Harm     .     (no gloves)
MR     .....                    (no barding)
Stlth  +.........               (no amulet)
                                (no ring)
                                (no ring)

@: very quick
A: hooves 3, deformed body, speed 2, tough skin 3
a: no special abilities


You were on level 4 of the Dungeon.
You were not hungry.

You visited 1 branch of the dungeon, and saw 4 of its levels.

You collected 72 gold pieces.

Inventory:

Hand Weapons
 i - a +4 dagger of holy wrath (weapon)
Missiles
 d - 41 bolts
 e - 65 stones (quivered)
 f - 6 tomahawks
 l - 39 arrows
Armour
 p - a cursed +0 robe (worn)
Scrolls
 g - a scroll of identify
 j - a scroll of amnesia
 m - a scroll of remove curse
Potions
 n - a potion of curing {unknown}
 o - 3 potions of cancellation
Books
 b - a Young Poisoner's Handbook

   Spells                             Type                      Level
   a - Sting                          Conjuration/Poison           1
   b - Mephitic Cloud                 Conjuration/Poison/Air       3
   c - Olgreb's Toxic Radiance        Poison                       4
   d - Alistair's Intoxication        Transmutation/Poison         5
   e - Venom Bolt                     Conjuration/Poison           5
Comestibles
 a - 4 chunks of flesh
 c - 3 bread rations
 k - a meat ration


   Skills:
 * Level 3.6 Fighting
 * Level 3.1 Dodging
 - Level 1.1 Stealth
 - Level 1.5 Spellcasting
 - Level 3.2 Poison Magic


You had 6 spell levels left.
You knew the following spells:

 Your Spells              Type           Power        Failure   Level  Hunger
a - Sting                 Conj/Pois      #...         14%         1    ##.....


Dungeon Overview and Level Annotations

Branches:
Dungeon (4/15)
 Temple: D:4-7

Altars:


Innate Abilities, Weirdness & Mutations

You have hooves in place of feet.
Armour fits poorly on your strangely shaped body.
You cover ground very quickly.
You have extremely tough skin. (AC +3)


Message History

Things that are here:
a ring mail; an orc corpse You're too confused to move!
The orc shouts!
The orc wizard hits you but does no damage.
The orc hits you but does no damage. The orc wizard hits you with a dagger.
The orc wizard hits you but does no damage.
The orc hits you with a flail!
* * * LOW HITPOINT WARNING * * *
Things that are here:
a ring mail; an orc corpse You bump into the rock wall.
The orc wizard hits you but does no damage.
The orc hits you with a hand axe.
* * * LOW HITPOINT WARNING * * *
You're too confused to move!
You feel less confused. The orc hits you with a flail.
You die...

##.#####.###)###.#
### #........# #.#
#.# #... ##.#####.#
#.# #.# ... ### #.#
#.###.# ..# #.#
#...#.# ..# #.#
###.#.# ..# #.#
#<#.###..#####
#.#####.ooo.........
#...)....@###..#####
#######.### ..# #.#
..# #.# ..# #.# ..#
#.# ... ..# #.# #.#


You could see an orc wizard and 2 orcs.

Vanquished Creatures
  An ogre (D:4)
  2 adders (D:3)
  An ooze (D:2)
  4 worms
  A dart slug (D:1)
  A leopard gecko (D:1)
  An orc (D:4)
  9 bats
  4 giant cockroaches (D:2)
  8 goblins
  9 hobgoblins
  9 jackals
  6 frilled lizards
  4 kobolds
  7 rats
67 creatures vanquished.

Notes
Turn   | Place    | Note
-------+----------+-------------------------------------------
     0 | D:1      | Chiseanne the Centaur Venom Mage began the quest for the Orb.
     0 | D:1      | Reached XP level 1. HP: 14/14 MP: 3/3
   366 | D:1      | Reached skill level 1 in Fighting
   379 | D:1      | Reached XP level 2. HP: 12/23 MP: 0/4
  1103 | D:1      | Reached XP level 3. HP: 28/28 MP: 5/5
  2242 | D:2      | Reached XP level 4. HP: 33/37 MP: 6/6
  3760 | D:4      | Noticed an ogre
  3777 | D:4      | Killed an ogre
  3777 | D:4      | Reached XP level 5. HP: 18/45 MP: 0/7
  3859 | D:4      | Slain by an orc

Skill      XL: |  1  2  3  4 |
---------------+-------------+-----
Fighting       | 1 2 3 |  3.6
Dodging        | 2 3 |  3.1
Stealth        | |  1.1
Spellcasting   | |  1.5
Poison Magic   | |  3.2

Action                   |  1- 3 |  4- 6 || total
-------------------------+-------+-------++-------
Melee: Unarmed           |    22 |       ||    22
       Kick              |    25 |     9 ||    34
       Dagger            |   124 |    55 ||   179
 Cast: Sting             |     9 |     8 ||    17
  Use: Scroll            |     3 |     3 ||     6
       Potion            |     1 |       ||     1
 Stab: Sleeping          |     1 |       ||     1
  Eat: Chunk             |     4 |     4 ||     8
Armor: Robe              |    60 |    15 ||    75
Dodge: Dodged            |    81 |    21 ||   102
